[Event "Titled Tuesday Blitz June 28 Early 2022"]
[White "Narayanan.S.L"]
[Black "Rosen, Eric"]
[WhiteFideId "5058422"]
[BlackFideId "2032562"]
[WhiteElo "2494"]
[BlackElo "2362"]
[Result "1-0"]
[Round "11"]
[TimeControl "180+1"]
[Date "2022.06.28"]
[WhiteClock "0:01:11"]
[BlackClock "0:00:01"]

1. e4 c5 2. c3 d5 3. exd5 Qxd5 4. Na3 Nf6 5. Nf3 e6 6. d4 Nc6 7. Nb5 Qd8 8. dxc5 Bxc5 9. Qxd8+ Kxd8 10. Bg5 Ke7 11. b4 Bb6 12. Rd1 a6 13. Nd6 Rd8 14. Nxc8+ Raxc8 15. Rxd8 Rxd8 16. g3 h6 17. Bxf6+ gxf6 18. Ke2 a5 19. a3 axb4 20. axb4 Ra8 21. Nd2 Ra2 22. f4 e5 23. Bg2 Ra3 24. Rc1 Bc7 25. f5 Kd7 26. Bxc6+ bxc6 27. Kd3 Ra2 28. Ne4 Rxh2 29. Nxf6+ Ke7 30. Ne4 Bb6 31. Ra1 Bf2 32. Ra6 Bxg3 33. Rxc6 Rh3 34. Kc4 Rh4 35. Kd5 Rg4 36. f6+ Kd7 37. b5 Bf4 38. b6 Rg8 39. Nc5+ 1-0


[Site "https://www.chess.com"]

[Event "Titled Tuesday Blitz June 28 Early 2022"]
[White "Narayanan, Srinath"]
[Black "Marjanovic, Annamaria"]
[WhiteFideId "5018420"]
[BlackFideId "750930"]
[WhiteElo "2472"]
[BlackElo "2156"]
[Result "1-0"]
[Round "11"]
[TimeControl "180+1"]
[Date "2022.06.28"]
[WhiteClock "0:01:54"]
[BlackClock "0:00:37"]

1. Nf3 f5 2. c4 Nf6 3. d4 g6 4. g3 Bg7 5. Bg2 O-O 6. O-O d6 7. Nc3 Qe8 8. Re1 Qf7 9. b3 h6 10. Qc2 Nc6 11. Bb2 e5 12. dxe5 dxe5 13. e4 f4 14. Nd5 g5 15. Nxe5 Nxe5 16. Bxe5 Nxd5 17. exd5 Bxe5 18. Rxe5 Bf5 19. Qb2 Rae8 20. Rae1 Bg6 21. d6 c6 22. Re7 Rxe7 23. Rxe7 Qf6 24. Qxf6 Rxf6 25. c5 Rf7 26. d7 Rf8 27. Be4 Bxe4 28. Re8 1-0


[Site "https://www.chess.com"]

[Event "Titled Tuesday Blitz June 28 Early 2022"]
[White "Navarrete Mendez, Gonzalo Alberto"]
[Black "Nozdrachev, Leonid"]
[WhiteFideId "5106850"]
[BlackFideId "24113433"]
[WhiteElo "2261"]
[BlackElo "2129"]
[Result "0-1"]
[Round "11"]
[TimeControl "180+1"]
[Date "2022.06.28"]
[WhiteClock "0:00:05"]
[BlackClock "0:00:04"]

1. e4 c6 2. Nc3 d5 3. Nf3 dxe4 4. Nxe4 Nf6 5. Qe2 Nxe4 6. Qxe4 Nd7 7. Bc4 Nf6 8. Ne5 e6 9. Qe2 Qc7 10. d4 b5 11. Bd3 Bb7 12. O-O Bd6 13. Bg5 h6 14. Bh4 a6 15. Rae1 Nd5 16. Qg4 g5 17. Bg3 O-O-O 18. c4 bxc4 19. Bxc4 f5 20. Qe2 f4 21. Bxa6 Bxe5 22. dxe5 Qb6 23. Bc4 fxg3 24. hxg3 h5 25. Rc1 Rh6 26. Qd2 Rg6 27. Qd3 Nf4 28. Qc2 Rdg8 29. Qe4 Nd5 30. Bxd5 exd5 31. Qxd5 Kb8 32. Qf7 h4 33. g4 h3 34. gxh3 c5 35. f3 R6g7 36. Qf6 Qxf6 37. exf6 Rf7 38. f4 Rxf6 39. fxg5 Rb6 40. Rxc5 Rxb2 41. Rf2 Rb1+ 42. Kh2 Rh8 43. Kg3 Rg1+ 44. Kf4 Rxh3 45. Rb2 Rf1+ 46. Ke5 Re3+ 47. Kd4 Re4+ 48. Kd3 Rf3+ 49. Kd2 Rf2+ 50. Kc3 Re3+ 51. Kd4 Re4+ 52. Kc3 Rf3+ 53. Kd2 Rxg4 54. Rcb5 Rg2+ 55. Ke1 Rxb2 56. Rxb2 Rg3 57. Rb5 Rg2 58. a4 Kc7 59. a5 Bc6 60. Re5 Kd6 61. Rf5 Bd7 62. Rf6+ Ke7 63. Rf2 Rxg5 64. Re2+ Kd6 65. Rd2+ Kc7 66. a6 Ra5 67. Rc2+ Bc6 68. Rh2 Rxa6 69. Rh7+ Kd6 70. Kd2 Ke5 71. Rh5+ Kd4 72. Rh4+ Be4 73. Rh8 Ra2+ 74. Kc1 Bd3 75. Rd8+ Kc3 76. Rc8+ Bc4 77. Kb1 Rf2 0-1


[Site "https://www.chess.com"]

[Event "Titled Tuesday Blitz June 28 Early 2022"]
[White "Nguyen, Quoc Hy"]
[Black "Csonka, Balazs"]
[WhiteFideId "12410853"]
[BlackFideId "742910"]
[WhiteElo "1938"]
[BlackElo "2404"]
[Result "0-1"]
[Round "11"]
[TimeControl "180+1"]
[Date "2022.06.28"]
[WhiteClock "0:00:22"]
[BlackClock "0:00:18"]

1. d4 e6 2. c4 Nf6 3. Nc3 Bb4 4. Qc2 b6 5. e4 c5 6. d5 Qe7 7. Ne2 exd5 8. exd5 O-O 9. f3 b5 10. Bg5 bxc4 11. O-O-O d6 12. Ng3 h6 13. Bf4 Qc7 14. Bxc4 Nbd7 15. Nb5 Qb6 16. Nxd6 Ba6 17. Ngf5 Rab8 18. g4 Qa5 19. g5 hxg5 20. Bxg5 Ba3 21. Bb3 c4 22. Nxc4 Bxc4 23. Qxc4 Rfc8 24. Qc6 Rxc6+ 25. dxc6 Qc3+ 0-1


[Site "https://www.chess.com"]

[Event "Titled Tuesday Blitz June 28 Early 2022"]
[White "Nilsson, Joakim"]
[Black "Jeet, Jain"]
[WhiteFideId "1723383"]
[BlackFideId "5073022"]
[WhiteElo "2210"]
[BlackElo "2055"]
[Result "0-1"]
[Round "11"]
[TimeControl "180+1"]
[Date "2022.06.28"]
[WhiteClock "0:00:17"]
[BlackClock "0:00:28"]

1. d4 d5 2. Bf4 c6 3. e3 e6 4. Nf3 f5 5. Ne5 Nf6 6. g4 Nbd7 7. gxf5 Nxe5 8. dxe5 Ne4 9. Qh5+ Kd7 10. Qf7+ Be7 11. Qxe6+ Ke8 12. Nd2 Bxe6 13. fxe6 Nxd2 14. Kxd2 Qa5+ 15. c3 g5 16. Bg3 h5 17. h4 g4 18. Bd3 Rh6 19. Bf4 Rxe6 20. Bf5 Kf7 21. f3 gxf3 22. Rag1 Qxa2 23. Bxe6+ Kxe6 24. Rg6+ Kd7 25. e6+ Ke8 26. Rg8+ Bf8 27. Bd6 Qxb2+ 28. Kd3 Qb5+ 29. Kd4 Qc4+ 30. Ke5 Qxc3+ 31. Kf5 Qd3+ 32. Kf6 Qc3+ 33. Kg6 Qc2+ 34. Kf6 Qb2+ 35. Kg6 Qg2+ 36. Kh7 Qxg8+ 37. Kxg8 Bxd6 38. Rf1 Ke7+ 39. Kg7 Rf8 40. e4 dxe4 0-1


[Site "https://www.chess.com"]

[Event "Titled Tuesday Blitz June 28 Early 2022"]
[White "Novikova, Galina"]
[Black "Johnson, Ben"]
[WhiteFideId "4157095"]
[BlackFideId "2010917"]
[WhiteElo "1863"]
[BlackElo "2199"]
[Result "1-0"]
[Round "11"]
[TimeControl "180+1"]
[Date "2022.06.28"]
[WhiteClock "0:00:08"]
[BlackClock "0:00:04"]

1. e4 c5 2. Nf3 Nc6 3. d4 cxd4 4. Nxd4 Nf6 5. Nc3 e5 6. Ndb5 d6 7. Bg5 a6 8. Na3 b5 9. Bxf6 gxf6 10. Nd5 Bg7 11. g3 f5 12. Bg2 fxe4 13. c3 O-O 14. Bxe4 f5 15. Bg2 Be6 16. Nc2 Rc8 17. O-O f4 18. a4 Qg5 19. axb5 axb5 20. Ra6 Bg4 21. f3 Bd7 22. g4 b4 23. Ncxb4 Nxb4 24. Nxb4 Kh8 25. Rxd6 Bb5 26. Re1 h5 27. h3 hxg4 28. hxg4 Rcd8 29. Rxd8 Rxd8 30. Qc2 Qh4 31. Rd1 Re8 32. Qf5 Qg3 33. Qh5+ Kg8 34. Qh2 Qxh2+ 35. Kxh2 e4 36. fxe4 Be2 37. Re1 f3 38. Bf1 Rxe4 39. Nc6 Rxg4 40. Bxe2 Rg2+ 41. Kh3 Rxe2 42. Rf1 f2 43. Kg2 Rxb2 44. Ne7+ Kf7 45. Nd5 Rd2 46. c4 Rc2 47. Ne3 Re2 48. Nf5 Rc2 49. Ne3 Rc3 50. Rxf2+ Ke6 51. Re2 Be5 52. Ng4 Rxc4 53. Nxe5 Ra4 54. Nf3+ Kd5 55. Re5+ Kd6 56. Rh5 Rb4 57. Kg3 Ke6 58. Rh6+ Kf5 59. Rc6 Rb3 60. Rc5+ Kg6 61. Kf4 Kf6 62. Rc6+ Kf7 63. Ne5+ Ke7 64. Kf5 Rb1 65. Rc7+ Kd8 66. Ra7 Rb6 67. Ra8+ Kc7 68. Ra7+ Kb8 69. Rg7 Rb1 70. Ke6 Kc8 71. Kd6 Rb6+ 72. Nc6 Rb1 73. Rc7# 1-0


[Site "https://www.chess.com"]

[Event "Titled Tuesday Blitz June 28 Early 2022"]
[White "Odegov, Artem"]
[Black "Jia, Haoxiang"]
[WhiteFideId "34183644"]
[BlackFideId "8602999"]
[WhiteElo "2286"]
[BlackElo "2618"]
[Result "1-0"]
[Round "11"]
[TimeControl "180+1"]
[Date "2022.06.28"]
[WhiteClock "0:02:14"]
[BlackClock "0:02:19"]

1. d4 Nf6 2. c4 g6 3. Nc3 Bg7 4. e4 d6 5. h3 O-O 6. Be3 e5 7. d5 a5 8. Bd3 Na6 9. g4 Nd7 10. Nge2 Kh8 11. Qd2 f5 12. gxf5 gxf5 13. exf5 Ndc5 14. Bb1 Bxf5 15. Bxf5 Rxf5 16. Ng3 Rf3 17. Nge4 Nxe4 18. Nxe4 Qh4 19. Ng5 Rf5 20. Rg1 Bf6 21. Nf7# 1-0


[Site "https://www.chess.com"]

[Event "Titled Tuesday Blitz June 28 Early 2022"]
[White "Orlov, Georgi"]
[Black "Samsonkin, Artiom"]
[WhiteFideId "2011271"]
[BlackFideId "13503111"]
[WhiteElo "2575"]
[BlackElo "2513"]
[Result "1-0"]
[Round "11"]
[TimeControl "180+1"]
[Date "2022.06.28"]
[WhiteClock "0:00:12"]
[BlackClock "0:00:04"]

1. d4 d5 2. Nf3 Nf6 3. Bf4 c5 4. e3 Nc6 5. Bb5 Qb6 6. Nc3 a6 7. Bxc6+ bxc6 8. Na4 Qa5+ 9. c3 Ne4 10. Ne5 f6 11. Qh5+ g6 12. Nxg6 hxg6 13. Qxh8 g5 14. Qh5+ Kd7 15. Nxc5+ Nxc5 16. dxc5 gxf4 17. Qg4+ Kc7 18. Qxf4+ e5 19. Qxf6 Qxc5 20. Qxe5+ Bd6 21. Qd4 Qb5 22. O-O-O Rb8 23. b3 Bf5 24. Qg7+ Kb6 25. Qd4+ Kb7 26. Kb2 Ka8 27. Ka1 Re8 28. Qd2 Be5 29. Rc1 a5 30. f3 a4 31. bxa4 Qxa4 32. g4 Bh7 33. Rcd1 Qa3 34. Rc1 Rb8 35. f4 Bh8 36. f5 Rb7 37. Rc2 c5 38. Rhc1 d4 39. exd4 cxd4 40. cxd4 Bg8 41. Rb2 Rxb2 42. Qxb2 Qxb2+ 43. Kxb2 Bxd4+ 44. Kb1 Bd5 45. Rd1 Be4+ 46. Kc1 Be3+ 47. Kb2 Bf3 48. Rd3 Bxg4 49. Rxe3 Bxf5 50. Re5 1-0


[Site "https://www.chess.com"]

[Event "Titled Tuesday Blitz June 28 Early 2022"]
[White "Ozdemir, Serhan Berat"]
[Black "Ismagilov, Damir"]
[WhiteFideId "6374611"]
[BlackFideId "34199982"]
[WhiteElo "1920"]
[BlackElo "2138"]
[Result "0-1"]
[Round "11"]
[TimeControl "180+1"]
[Date "2022.06.28"]
[WhiteClock "0:00:01"]
[BlackClock "0:00:25"]

1. e4 c5 2. Nf3 d6 3. d4 cxd4 4. Nxd4 Nf6 5. Nc3 a6 6. f3 e6 7. Be3 h5 8. Qd2 Be7 9. Be2 b5 10. a4 b4 11. Na2 d5 12. e5 Nfd7 13. f4 Nc5 14. O-O Ne4 15. Qe1 a5 16. c3 Ba6 17. f5 Qd7 18. fxe6 fxe6 19. Bb5 Bxb5 20. axb5 h4 21. Nxb4 h3 22. g3 Qb7 23. Nbc6 Nxc6 24. bxc6 Qxb2 25. Bf2 O-O 26. Rb1 Qa2 27. c7 Rac8 28. Rb7 Nc5 0-1


[Site "https://www.chess.com"]

[Event "Titled Tuesday Blitz June 28 Early 2022"]
[White "Papp, Levente"]
[Black "Omariev, Maksim"]
[WhiteFideId "751243"]
[BlackFideId "4193423"]
[WhiteElo "2308"]
[BlackElo "2482"]
[Result "1-0"]
[Round "11"]
[TimeControl "180+1"]
[Date "2022.06.28"]
[WhiteClock "0:00:16"]
[BlackClock "0:00:05"]

1. b3 d5 2. Bb2 Nf6 3. Nf3 Bf5 4. c4 e6 5. g3 Be7 6. Bg2 c6 7. O-O h6 8. d3 O-O 9. Qc2 Nbd7 10. Nc3 Bh7 11. Rad1 Qc7 12. a3 a5 13. Qb1 Rfc8 14. Rfe1 Bf8 15. Qa2 Nc5 16. Rc1 Qb6 17. Nd2 Ng4 18. d4 Nd7 19. e3 Bd3 20. Ba1 Qa6 21. e4 dxe4 22. Ndxe4 Ngf6 23. Rcd1 Bxe4 24. Nxe4 Nxe4 25. Bxe4 Rab8 26. d5 cxd5 27. cxd5 Nc5 28. dxe6 Nxe6 29. Bd5 Nc7 30. Bf3 Rd8 31. Be5 Bd6 32. Ba1 Bc5 33. Qc2 Qb6 34. Be5 Rxd1 35. Rxd1 Rc8 36. Qf5 Ne6 37. Bd5 Bxf2+ 38. Qxf2 Qxf2+ 39. Kxf2 Rc2+ 40. Kf3 Rxh2 41. Bxe6 fxe6 42. Rd8+ Kf7 43. Rd7+ Kg6 44. g4 Kg5 45. Rxg7+ Kh4 46. Bxh2 1-0


[Site "https://www.chess.com"]

[Event "Titled Tuesday Blitz June 28 Early 2022"]
[White "Piesik, Piotr"]
[Black "Garcia Cuenca, Victor"]
[WhiteFideId "1136194"]
[BlackFideId "2250829"]
[WhiteElo "2247"]
[BlackElo "2317"]
[Result "1-0"]
[Round "11"]
[TimeControl "180+1"]
[Date "2022.06.28"]
[WhiteClock "0:01:22"]
[BlackClock "0:01:21"]

1. Nf3 d5 2. g3 c6 3. Bg2 Nf6 4. O-O Bg4 5. d3 Nbd7 6. Nbd2 e5 7. e4 dxe4 8. dxe4 Bc5 9. h3 Bh5 10. Qe1 O-O 11. Nb3 Bb6 12. a4 a5 13. Be3 Bxe3 14. Qxe3 Qe7 15. Nfd2 Bg6 16. Rfd1 Rfe8 17. Nc4 Qb4 18. Ncd2 Red8 19. c3 Qe7 20. Nc4 Ne8 21. Ncxa5 Nf8 22. Rxd8 Rxd8 23. Nc4 f6 24. Nc5 Bf7 25. Bf1 Ne6 26. Nxe6 Bxe6 27. b4 Qf7 28. Qc5 Nc7 29. Nd6 Qh5 30. Nxb7 Rd1 31. Rxd1 Qxd1 32. Qd6 1-0


[Site "https://www.chess.com"]

[Event "Titled Tuesday Blitz June 28 Early 2022"]
[White "Piliczewski, Bogusz"]
[Black "Kanyamarala, Tarun"]
[WhiteFideId "1104144"]
[BlackFideId "45004714"]
[WhiteElo "1896"]
[BlackElo "2219"]
[Result "0-1"]
[Round "11"]
[TimeControl "180+1"]
[Date "2022.06.28"]
[WhiteClock "0:00:05"]
[BlackClock "0:01:31"]

1. d4 g6 2. Nf3 Bg7 3. Bf4 d6 4. h3 Nf6 5. e3 O-O 6. Be2 Nbd7 7. O-O b6 8. c4 Bb7 9. Nc3 a6 10. b4 Re8 11. Rb1 e5 12. Bh2 h6 13. a4 exd4 14. exd4 Ne4 15. Nxe4 Bxe4 16. Bd3 Bxf3 17. Qxf3 Bxd4 18. Be4 Rb8 19. Bd5 Qf6 20. Bc6 Qxf3 21. gxf3 Re7 22. Rfd1 Be5 23. Bxd7 Bxh2+ 24. Kxh2 Rxd7 25. Rd5 Re7 26. Rbd1 Re2 27. Kg3 Ra2 28. a5 bxa5 29. bxa5 Rbb2 30. Rf1 Rc2 31. c5 Rxa5 32. Rfd1 Raxc5 33. R5d4 a5 34. Ra4 R2c4 35. Ra3 a4 36. Rda1 Ra5 37. f4 Rb4 38. f3 c5 39. Rd1 Ra6 40. Rad3 a3 41. Ra1 a2 42. Rd2 Rba4 43. Kf2 c4 44. Ke3 c3 45. Rc2 d5 46. f5 gxf5 47. Kd3 d4 48. f4 Re6 49. Rcxa2 Re3+ 50. Kc2 Re2+ 51. Kd3 Raxa2 52. Rxa2 Rxa2 53. Kxd4 c2 0-1


[Site "https://www.chess.com"]

[Event "Titled Tuesday Blitz June 28 Early 2022"]
[White "Pourkashiyan, Atousa"]
[Black "Ianov, Viktor"]
[WhiteFideId "12502014"]
[BlackFideId "14102730"]
[WhiteElo "2247"]
[BlackElo "2152"]
[Result "0-1"]
[Round "11"]
[TimeControl "180+1"]
[Date "2022.06.28"]
[WhiteClock "0:00:09"]
[BlackClock "0:01:18"]

1. e4 d6 2. d4 Nf6 3. Nc3 c6 4. Nf3 Bg4 5. a4 Nbd7 6. Be2 e5 7. Be3 Be7 8. O-O O-O 9. h3 Bh5 10. Nh4 Bg6 11. Nxg6 hxg6 12. Bc4 a5 13. Re1 Qc7 14. Qf3 Rfe8 15. g4 exd4 16. Bxd4 g5 17. Ne2 Ne5 18. Bxe5 dxe5 19. Ng3 g6 20. Qe3 Nd7 21. Rad1 Kg7 22. Rd2 Nc5 23. Qf3 f6 24. b3 Rad8 25. Red1 Rxd2 26. Rxd2 Rd8 27. Qd1 Rxd2 28. Qxd2 Qd8 29. Qe2 Qd4 30. Nf1 Qxe4 31. Qd2 b6 32. Ne3 Qd4 33. Qe2 Ne4 34. Be6 Bc5 35. Qa6 Nxf2 36. Qb7+ Kh6 37. Qc8 Nxh3+ 38. Kh2 Qf4+ 39. Kh1 Qf3+ 40. Kh2 Qe2+ 41. Kh1 Nf2+ 42. Kg1 Nh3+ 43. Kh1 Qe1+ 44. Kh2 Qf2+ 45. Kh1 Qg1# 0-1


[Site "https://www.chess.com"]

[Event "Titled Tuesday Blitz June 28 Early 2022"]
[White "Preotu, Razvan"]
[Black "Aggelis, Nikolaos"]
[WhiteFideId "2613280"]
[BlackFideId "4213220"]
[WhiteElo "2407"]
[BlackElo "2154"]
[Result "0-1"]
[Round "11"]
[TimeControl "180+1"]
[Date "2022.06.28"]
[WhiteClock "0:00:02"]
[BlackClock "0:00:11"]

1. e4 c5 2. Nf3 e6 3. c3 d5 4. exd5 exd5 5. d4 Nf6 6. Bb5+ Nc6 7. O-O c4 8. b3 cxb3 9. axb3 Be7 10. Bd3 O-O 11. h3 a6 12. Re1 Re8 13. Ra2 h6 14. Rae2 Be6 15. Nbd2 Rc8 16. Nf1 Qa5 17. Bd2 Qb6 18. Ng3 Na5 19. Bc2 Bd6 20. Ne5 Nc6 21. f4 Qc7 22. Bb1 b5 23. f5 Bd7 24. Bf4 b4 25. cxb4 Nxb4 26. Qd2 Bb5 27. Rf2 Qc3 28. Qxc3 Rxc3 29. Rf3 Rxf3 30. gxf3 Nd7 31. Kf2 f6 32. Nxd7 Rxe1 33. Kxe1 Bxf4 34. Nh5 Be3 35. Nc5 Bxd4 36. Ne6 Bc3+ 37. Kf2 Nd3+ 38. Ke3 Nc1 0-1


[Site "https://www.chess.com"]

[Event "Titled Tuesday Blitz June 28 Early 2022"]
[White "Reprintsev, Alexander"]
[Black "Averjanov, Alexey"]
[WhiteFideId "14100541"]
[BlackFideId "14109867"]
[WhiteElo "2108"]
[BlackElo "2685"]
[Result "0-1"]
[Round "11"]
[TimeControl "180+1"]
[Date "2022.06.28"]
[WhiteClock "0:00:02"]
[BlackClock "0:00:20"]

1. e4 c6 2. Nc3 d5 3. Nf3 Bg4 4. h3 Bxf3 5. Qxf3 e6 6. b3 Nf6 7. e5 Nfd7 8. Qg3 g6 9. h4 Bg7 10. f4 h5 11. Bb2 c5 12. O-O-O Nc6 13. Qf2 a6 14. Be2 Nd4 15. Rdg1 Nxe2+ 16. Nxe2 Qe7 17. g4 hxg4 18. Rxg4 Rh5 19. Ng3 Rh6 20. h5 O-O-O 21. hxg6 Rxg6 22. Rxg6 fxg6 23. Rh7 Rh8 24. Qh2 Qf8 25. c4 Nb6 26. Qh3 Rxh7 27. Qxh7 Qxf4 28. Qxg6 Bh6 29. Qxe6+ Nd7 30. Qg8+ Kc7 31. Qxd5 Qxg3 32. Qd6+ Kc8 33. Qxh6 Qe1+ 34. Kc2 Qe4+ 35. d3 Qe2+ 36. Qd2 Qf3 37. Qh2 Nf8 38. Bc3 Ne6 39. Qd2 Kd7 40. Kb2 b5 41. cxb5 axb5 42. a3 Nf4 43. Kc2 Nd5 44. b4 Ne3+ 45. Kb3 Kc6 46. bxc5 Kxc5 47. Bb4+ Kd5 48. Qc3 Qd1+ 49. Kb2 Ke6 50. Qc6+ Kf5 51. Qf6+ Kg4 52. Qg6+ Kf3 53. d4 Nc4+ 54. Ka2 Qe2+ 0-1


[Site "https://www.chess.com"]

[Event "Titled Tuesday Blitz June 28 Early 2022"]
[White "Rios Escobar, Adan"]
[Black "Gallegos Diaz, Carlos Alberto"]
[WhiteFideId "3403645"]
[BlackFideId "3900886"]
[WhiteElo "2448"]
[BlackElo "2362"]
[Result "1-0"]
[Round "11"]
[TimeControl "180+1"]
[Date "2022.06.28"]
[WhiteClock "0:02:31"]
[BlackClock "0:01:42"]

1. d4 Nf6 2. g3 d6 3. Bg2 e5 4. e4 Be7 5. Ne2 O-O 6. O-O c6 7. a4 Nbd7 8. Nbc3 h6 9. h3 Re8 10. Be3 Qc7 11. g4 Bf8 12. Ng3 b6 13. Qd2 Ba6 14. Rfe1 Rad8 15. Rad1 exd4 16. Bxd4 Ne5 17. b3 c5 18. Be3 Nc6 19. Nf5 Nb4 20. Bf4 Re6 21. Nb5 Bxb5 22. axb5 Qd7 23. c3 Qxb5 24. cxb4 cxb4 25. Nd4 1-0


[Site "https://www.chess.com"]

[Event "Titled Tuesday Blitz June 28 Early 2022"]
[White "Rom, Jasper"]
[Black "Pinheiro, Iung Alicio de O."]
[WhiteFideId "2023733"]
[BlackFideId "2104350"]
[WhiteElo "2233"]
[BlackElo "2283"]
[Result "0-1"]
[Round "11"]
[TimeControl "180+1"]
[Date "2022.06.28"]
[WhiteClock "0:00:05"]
[BlackClock "0:01:08"]

1. e4 c5 2. Nc3 a6 3. g3 b5 4. Bg2 Bb7 5. Nh3 e6 6. O-O Nf6 7. d3 d5 8. e5 Ng8 9. f4 Ne7 10. g4 h5 11. gxh5 Nf5 12. Qg4 Nc6 13. Ne2 Nb4 14. Ng3 Nxc2 15. Rb1 Nce3 16. Qe2 Nxg3 17. hxg3 Nxf1 18. Bxf1 d4 19. Nf2 c4 20. Ne4 Rc8 21. Bd2 c3 22. bxc3 dxc3 23. Be3 Bxe4 24. dxe4 Bc5 25. Rc1 Qd2 0-1


[Site "https://www.chess.com"]

[Event "Titled Tuesday Blitz June 28 Early 2022"]
[White "Sadhwani, Raunak"]
[Black "Dubov, Daniil"]
[WhiteFideId "35093487"]
[BlackFideId "24126055"]
[WhiteElo "2616"]
[BlackElo "2791"]
[Result "0-1"]
[Round "11"]
[TimeControl "180+1"]
[Date "2022.06.28"]
[WhiteClock "0:00:02"]
[BlackClock "0:00:07"]

1. e4 e5 2. Nf3 Nc6 3. Bc4 Nf6 4. d3 Be7 5. O-O O-O 6. Nc3 d6 7. a4 Be6 8. h3 Bxc4 9. dxc4 a5 10. b3 h6 11. Qe2 Nd7 12. Rd1 Nc5 13. Ba3 Ne6 14. Nd5 b6 15. Qe3 Bg5 16. Qe1 Rc8 17. c3 Kh8 18. Ra2 Nf4 19. g3 Nxd5 20. cxd5 Ne7 21. h4 Bf6 22. c4 Qd7 23. Qe2 Ra8 24. Rda1 Ng8 25. b4 axb4 26. Bxb4 Bd8 27. Nxe5 Qe8 28. Nc6 Ne7 29. Nxd8 Qxd8 30. a5 bxa5 31. Bxa5 Ng6 32. Qe3 Kh7 33. c5 Qe7 34. c6 f5 35. exf5 Rxf5 36. Qd3 Qf7 37. Rd1 Ne5 38. Qe4 Nf3+ 39. Kg2 Re8 40. Qb1 Qg6 41. Ra4 Re2 42. Rf1 h5 43. Bxc7 Nd2 44. Qd1 Rfe5 45. Bxd6 Qxd6 46. Ra7 Qxd5+ 0-1


[Site "https://www.chess.com"]

[Event "Titled Tuesday Blitz June 28 Early 2022"]
[White "Sadykov, Ramil"]
[Black "Gurevich, Dmitry"]
[WhiteFideId "24113590"]
[BlackFideId "2000407"]
[WhiteElo "2226"]
[BlackElo "2506"]
[Result "1/2-1/2"]
[Round "11"]
[TimeControl "180+1"]
[Date "2022.06.28"]
[WhiteClock "0:00:01"]
[BlackClock "0:00:02"]

1. e4 c5 2. Nc3 g6 3. g3 Bg7 4. Bg2 Nc6 5. d3 d6 6. Be3 b5 7. Qd2 b4 8. Nd1 h5 9. h4 Nf6 10. f3 a5 11. a3 Ba6 12. axb4 axb4 13. Ne2 O-O 14. O-O Ne5 15. Bh6 c4 16. Bxg7 Kxg7 17. d4 c3 18. bxc3 Nc4 19. Qe1 bxc3 20. Nexc3 Qb6 21. Qf2 e5 22. dxe5 dxe5 23. Qxb6 Nxb6 24. Re1 Rfc8 25. f4 Ng4 26. Rb1 Nc4 27. Nd5 Nd2 28. Ra1 Rxc2 29. Nb4 Rb2 30. Rxa6 Rxa6 31. Nxa6 Rb1 32. Nc5 Nc4 33. Nd3 Rb3 34. N1f2 Nxf2 35. Nxf2 Rxg3 36. fxe5 Nxe5 37. Kh2 Rc3 38. Rd1 Rc2 39. Kg3 Rc3+ 40. Kf4 f6 41. Rd2 Kf7 42. Nd1 Rb3 43. Ne3 Nd3+ 44. Kg3 Ne5 45. Kf2 g5 46. hxg5 fxg5 47. Bf1 h4 48. Nc4 Ng4+ 49. Kg1 h3 50. Nd6+ Kf6 51. Nf5 Rf3 52. Nd4 h2+ 53. Rxh2 Rxf1+ 54. Kxf1 Nxh2+ 55. Kg1 Ng4 56. Kg2 Ne5 57. Kg3 Nc4 58. Nf3 Ne5 59. Nh2 Nd3 60. Ng4+ Ke6 61. Kf3 Nc5 62. Ke3 Nd7 63. Nf2 Ne5 64. Kd4 Nf3+ 65. Ke3 Nh4 66. Nh3 Ng2+ 67. Kf3 Nh4+ 68. Kg4 Ng6 69. Nxg5+ Ke5 70. Kf3 Nh4+ 71. Ke3 Nf5+ 72. Kf3 Nd4+ 73. Ke3 Nf5+ 74. Kd3 Nd6 75. Nf3+ Kf4 76. e5 Nf5 77. Nd4 Kxe5 1/2-1/2


[Site "https://www.chess.com"]

[Event "Titled Tuesday Blitz June 28 Early 2022"]
[White "Samunenkov, Ihor"]
[Black "Kamsky, Gata"]
[WhiteFideId "14187086"]
[BlackFideId "2000024"]
[WhiteElo "2409"]
[BlackElo "2645"]
[Result "0-1"]
[Round "11"]
[TimeControl "180+1"]
[Date "2022.06.28"]
[WhiteClock "0:00:01"]
[BlackClock "0:00:12"]

1. e4 e5 2. Nf3 Nc6 3. Bb5 Nf6 4. O-O Nxe4 5. Re1 Nd6 6. Nxe5 Be7 7. Bf1 Nf5 8. Nf3 O-O 9. d4 d5 10. Nc3 Bb4 11. Bb5 Nce7 12. Bd3 Ng6 13. Bd2 c6 14. Ne2 Bd6 15. c3 Nfh4 16. Ng3 Bg4 17. Be2 Nxf3+ 18. Bxf3 Bxf3 19. Qxf3 Bxg3 20. Qxg3 Qd7 21. Re2 Rfe8 22. Rae1 Rxe2 23. Rxe2 f6 24. h4 Kf7 25. h5 Nf8 26. Qf3 Re8 27. Rxe8 Qxe8 28. Kf1 Qe6 29. Be3 Nd7 30. Qf4 Qe7 31. Ke2 Nb6 32. b3 a6 33. Kd3 Nc8 34. a4 Nd6 35. f3 Qe6 36. g4 f5 37. Bc1 Qf6 38. Ba3 Ne8 39. gxf5 Qd8 40. h6 Qd7 41. hxg7 Nxg7 42. f6 Qf5+ 43. Ke3 Qxf4+ 44. Kxf4 Kxf6 45. Bd6 Nf5 46. Be5+ Kg6 47. a5 h5 48. Bc7 Kf6 49. Be5+ Kg6 50. Bc7 h4 51. Kg4 Ne3+ 52. Kxh4 Kf5 53. Kg3 Nd1 54. c4 Ne3 55. cxd5 Nxd5 56. Be5 Ne3 57. Kf2 Nd5 58. Ke2 Nb4 59. Ke3 Nd5+ 60. Kd3 Nb4+ 61. Kc4 Nd5 62. Kc5 Ke6 63. f4 Kf5 64. Kd6 Ke4 65. Kd7 b6 0-1


[Site "https://www.chess.com"]

[Event "Titled Tuesday Blitz June 28 Early 2022"]
[White "Sanchez, Robert"]
[Black "Mickiewicz, Piotr"]
[WhiteFideId "2034360"]
[BlackFideId "1114891"]
[WhiteElo "2082"]
[BlackElo "2209"]
[Result "1-0"]
[Round "11"]
[TimeControl "180+1"]
[Date "2022.06.28"]
[WhiteClock "0:00:16"]
[BlackClock "0:00:01"]

1. e4 c5 2. Nf3 d6 3. d4 cxd4 4. Nxd4 Nf6 5. Nc3 e6 6. Be3 a6 7. f3 b5 8. Qd2 Nbd7 9. O-O-O Bb7 10. g4 Nb6 11. g5 Nfd7 12. Bd3 Rc8 13. h4 Ne5 14. b3 Qc7 15. Nce2 d5 16. Kb1 dxe4 17. Bxe4 Bxe4 18. fxe4 Bc5 19. h5 O-O 20. g6 Nbc4 21. bxc4 Nxc4 22. Qc3 Nxe3 23. Qxe3 e5 24. gxh7+ Kh8 25. h6 g6 26. Qf3 Be7 27. Nb3 Qxc2+ 28. Ka1 Qc4 29. Rc1 Qe6 30. Rxc8 Rxc8 31. Rf1 f6 32. Nc3 Ba3 33. Nd5 Rf8 34. Kb1 f5 35. Qd3 f4 36. Nd2 Bd6 37. Nf3 Rc8 38. Rc1 Qd7 39. Rxc8+ Qxc8 40. Qc2 Qxc2+ 41. Kxc2 Kxh7 42. Ng5+ Kxh6 43. Nf7+ Kh5 44. Nxd6 g5 45. Kd2 g4 46. Ke2 Kh4 47. Nf5+ Kh3 48. Nxf4+ exf4 49. e5 g3 50. e6 g2 51. Kf2 Kh2 52. e7 g1=Q+ 53. Kf3 Qg2+ 54. Kxf4 Qf2+ 55. Kg5 Qe2 56. Kf6 b4 57. Nd6 Qf3+ 58. Ke6 Qe2+ 59. Kd7 Qg4+ 60. Kc7 Qg7 61. Kd8 Qf6 62. Kd7 Qg7 63. Ke6 Qg6+ 64. Kd7 1-0


[Site "https://www.chess.com"]

[Event "Titled Tuesday Blitz June 28 Early 2022"]
[White "Sargissyan, Sargis"]
[Black "Steinberg, Nitzan"]
[WhiteFideId "13303210"]
[BlackFideId "2801795"]
[WhiteElo "2174"]
[BlackElo "2471"]
[Result "0-1"]
[Round "11"]
[TimeControl "180+1"]
[Date "2022.06.28"]
[WhiteClock "0:00:11"]
[BlackClock "0:00:47"]

1. e4 g6 2. d4 Bg7 3. Nc3 d6 4. f4 a6 5. Nf3 b5 6. Bd3 Bb7 7. e5 c5 8. Ng5 Nh6 9. dxc5 dxe5 10. O-O Nd7 11. f5 Nxc5 12. fxg6 hxg6 13. Qe2 Nxd3 14. cxd3 Nf5 15. Nce4 Qd4+ 16. Kh1 Rd8 17. Rf3 Qd5 18. Qf1 f6 19. Nh3 Nh4 20. Rg3 f5 21. Neg5 Bf6 22. Bd2 f4 23. Rg4 f3 24. gxf3 Nxf3 25. Nxf3 Qxf3+ 0-1


[Site "https://www.chess.com"]